 Dungeon Crawl Stone Soup version 0.23.1-37-gaa34b87 (webtiles) character file.

Game seed: 2188808936185657221

716 darkstalker the Slasher (level 7, 0/55 HPs)
             Began as a Demonspawn Berserker on Mar 21, 2019.
             Was a Priest of Trog.
             Succumbed to a killer bee's poison
             ... on level 6 of the Dungeon.
             The game lasted 00:19:57 (3024 turns).

darkstalker the Slasher (Demonspawn Berserker)      Turns: 3024, Time: 00:19:58

Health: 0/55       AC: 12    Str: 20    XL:     7   Next: 41%
Magic:  3/7        EV:  8    Int:  8    God:    Trog [***...]
Gold:   176        SH:  0    Dex: 12    Spells: 6/6 levels left

rFire    . . .     SeeInvis .   a - +0 falchion
rCold    + . .     Gourm    .   (no shield)
rNeg     . . .     Faith    .   h - +0 chain mail
rPois    .         Spirit   +   (helmet restricted)
rElec    .         Reflect  .   (no cloak)
rCorr    .         Harm     .   (no gloves)
MR       .....                  (no boots)
Stlth    ..........             A - amulet of guardian spirit
HPRegen  0.18/turn              e - ring of protection from cold
MPRegen  0.10/turn              (no ring)

@: lethally poisoned (0 -> -22)
A: horns 1, molten scales 2, nightstalker 1
a: Berserk, Trog's Hand, Renounce Religion


You were on level 6 of the Dungeon.
You worshipped Trog.
Trog was most pleased with you.
You were not hungry.

You visited 1 branch of the dungeon, and saw 6 of its levels.

You collected 176 gold pieces.

Inventory:

Hand Weapons
 a - a +0 falchion (weapon)
 p - a +0 war axe
 q - a +0 hunting sling
Missiles
 d - 95 stones (quivered)
 y - 16 sling bullets
Armour
 b - a +0 animal skin
 g - a +0 naga barding
 h - a +0 chain mail (worn)
Jewellery
 e - a ring of protection from cold (left hand)
 i - an uncursed amulet of faith
 m - an uncursed amulet of rage
 A - an amulet of guardian spirit (around neck)
Wands
 n - a wand of paralysis (9)
 w - a wand of random effects (16)
Scrolls
 c - a scroll of enchant armour {unknown}
 f - 2 scrolls of immolation {unknown}
 r - 2 scrolls of teleportation
 v - a scroll of magic mapping
 x - a scroll of identify
 B - a scroll of amnesia {unknown}
Potions
 j - a potion of agility {unknown}
 k - a potion of degeneration {unknown}
 l - 2 potions of curing
 o - a potion of cancellation {unknown}
 s - a potion of ambrosia
 u - 2 potions of magic {unknown}
 z - a potion of heal wounds {unknown}
Comestibles
 t - a ration


   Skills:
 + Level 4.4 Fighting
 + Level 5.9 Long Blades
 + Level 3.7 Armour
 + Level 2.7 Dodging
 + Level 1.3 Stealth


You had 6 spell levels left.
You didn't know any spells.
Your spell library contained the following spells:

 Spells                   Type           Power        Failure   Level  Hunger
 Flame Tongue             Conj/Fire      #....        99%         1    ##.....
 Throw Flame              Conj/Fire      #.....       100%        2    ###....
 Conjure Flame            Conj/Fire      #.......     100%        3    ####...
 Inner Flame              Hex/Fire       #.......     100%        3    ####...
 Sticky Flame             Conj/Fire      #.......     100%        4    #####..
 Fireball                 Conj/Fire      #.........   100%        5    ######.


Dungeon Overview and Level Annotations

Branches:
Dungeon (6/15)
 Temple: D:4-7

Altars:
Nemelex Xobeh


Innate Abilities, Weirdness & Mutations

You have a pair of small horns on your head.
You are mostly covered in molten scales. (AC +3)
You are slightly more attuned to the shadows.


Message History

* * * LOW HITPOINT WARNING * * *
You feel sick.
The killer bee stings you but does no damage.
The killer bee stings you.
* * * LOW HITPOINT WARNING * * *
The killer bee stings you but does no damage.
The killer bee misses you.
You closely miss the killer bee.
* * * LOW HITPOINT WARNING * * *
You feel sick. The killer bee barely misses you.
You riposte.
You closely miss the killer bee. Your headbutt misses the killer bee.
The killer bee is moderately wounded.
The killer bee closely misses you.
The killer bee stings you but does no damage.
The killer bee stings you.
* * * LOW HITPOINT WARNING * * *
You are more poisoned.
The killer bee poisons you!
You barely miss the killer bee. Your headbutt misses the killer bee.
You die...

#######. #@......
#yy..... #..###..
#..# #..# ###..#
#....# #
#....###############
#....##>†...........


You could see 2 killer bees.

Vanquished Creatures
  A bullfrog (D:6)
  2 scorpions
  4 killer bees (D:6)
  A hound (D:4)
  2 orc priests (D:5)
  3 orc wizards
  An iguana (D:4)
  2 worker ants (D:4)
  4 adders
  A worm (D:3)
  A leopard gecko (D:1)
  21 orcs
  5 giant cockroaches
  8 goblins
  5 hobgoblins
  14 jackals
  4 kobolds
  5 bats
  2 frilled lizards
  4 rats
90 creatures vanquished.

Notes
Turn   | Place    | Note
-------+----------+-------------------------------------------
     0 | D:1      | darkstalker the Demonspawn Berserker began the quest for
                  | the Orb.
     0 | D:1      | Reached XP level 1. HP: 18/18 MP: 1/1
   197 | D:1      | Reached skill level 3 in Long Blades
   214 | D:1      | Gained mutation: You are slightly more attuned to the
                  | shadows. [demonic ancestry]
   214 | D:1      | Reached XP level 2. HP: 17/24 MP: 2/2
   474 | D:2      | Reached ** piety under Trog
   474 | D:2      | Gained mutation: You are partially covered in molten
                  | scales. (AC +2) [demonic ancestry]
   474 | D:2      | Reached XP level 3. HP: 29/29 MP: 3/3
   523 | D:2      | Found a sparkling altar of Nemelex Xobeh.
  1249 | D:3      | Gained mutation: You are mostly covered in molten scales.
                  | (AC +3) [demonic ancestry]
  1249 | D:3      | Reached XP level 4. HP: 28/36 MP: 4/4
  1813 | D:4      | Reached skill level 1 in Stealth
  1822 | D:4      | Reached skill level 4 in Long Blades
  1822 | D:4      | Reached XP level 5. HP: 7/42 MP: 5/5
  2274 | D:4      | Reached skill level 5 in Long Blades
  2335 | D:4      | Gained mutation: You have a pair of small horns on your
                  | head. [demonic ancestry]
  2335 | D:4      | Reached XP level 6. HP: 25/48 MP: 6/6
  2430 | D:5      | Entered Level 5 of the Dungeon
  2545 | D:5      | Reached *** piety under Trog
  2857 | D:6      | Reached XP level 7. HP: 27/54 MP: 5/7
  3023 | D:6      | HP: 2/55 [killer bee (1)]
  3024 | D:6      | Succumbed to a killer bee's poison

Skill      XL: |  1  2  3  4  5  6 |
---------------+-------------------+-----
Long Blades    | 3 4 5 |  5.9
Dodging        | 2 |  2.7
Armour         | 2 3 |  3.7
Stealth        | 1 |  1.3
Fighting       | 4 |  4.4

Action                   |  1- 3 |  4- 6 |  7- 9 || total
-------------------------+-------+-------+-------++-------
Melee: Falchion          |   146 |   233 |    38 ||   417
       Headbutt          |       |    17 |    10 ||    27
  Use: Scroll            |     4 |     3 |       ||     7
       Potion            |       |     2 |     1 ||     3
 Stab: Sleeping          |     1 |       |       ||     1
  Eat: Ration            |     1 |     1 |     1 ||     3
Armor: Animal skin       |     9 |       |       ||     9
       Chain mail        |   120 |   171 |    27 ||   318
Dodge: Dodged            |   113 |   114 |    48 ||   275
       Rpst.: Falchion   |    29 |    42 |    15 ||    86
